 Dungeon Crawl Stone Soup version 0.31-a0-517-g48e1739 (webtiles) character file.

Game seed: 16889420016642982255

396 Dorkslayer the Cudgeller (level 6, -5/61 HPs)
             Began as a Troll Fighter on Aug 10, 2023.
             Slain by a wyvern (10 damage)
             ... on level 4 of the Dungeon.
             The game lasted 00:07:16 (2384 turns).

Dorkslayer the Cudgeller (Troll Fighter)            Turns: 2384, Time: 00:07:16

Health: -5/61      AC:  5    Str: 25    XL:     6   Next: 52%
Magic:  5/5        EV: 10    Int:  4    God:
Gold:   262        SH:  9    Dex: 17    Spells: 5/5 levels left

rFire   . . .        a - +0 flail
rCold   . . .        c - +0 kite shield
rNeg    . . .        b - +0 robe
rPois   .            (helmet restricted)
rElec   .            o - +0 cloak
rCorr   .            (gloves unavailable)
SInv    .            (boots unavailable)
Will    .....        l - amulet of magic regeneration
Stlth   ++           g - +6 ring of dexterity
HPRegen 1.10/turn    (no ring)
MPRegen 0.49/turn

%: no passive effects
@: hasted, very quick
A: large, unfitting armour, claws 3, regeneration 1, shaggy fur 1, tough skin 1
a: no special abilities


You were on level 4 of the Dungeon.
You visited 1 branch of the dungeon, and saw 4 of its levels.

You collected 262 gold pieces.

Inventory:

Hand Weapons
 a - a +0 flail (weapon)
 u - a +0 giant spiked club
Missiles
 q - 4 boomerangs
Armour
 b - a +0 robe (worn)
 c - a +0 kite shield (worn)
 o - a +0 cloak (worn)
Jewellery
 g - a +6 ring of dexterity (left claw)
 l - an amulet of magic regeneration (around neck)
Scrolls
 i - a scroll of blinking
 j - a scroll of fog {unknown}
 k - a scroll of poison {unknown}
 n - a scroll of teleportation {unknown}
 r - a scroll of revelation {unknown}
Potions
 d - 2 potions of might
 f - a potion of lignification
 h - 2 potions of mutation
 m - 2 potions of enlightenment
 s - 2 potions of resistance
 t - 2 potions of degeneration {unknown}


   Skills:
 + Level 3.4 Fighting
 + Level 3.9 Maces & Flails
 * Level 1.5 Throwing
 + Level 3.3 Dodging
 + Level 0.2 Stealth
 + Level 3.7 Shields


You had 5 spell levels left.
You didn't know any spells.
Your spell library contained the following spells:

 Spells                   Type           Power      Damage    Failure   Level
 Poisonous Vapours        Pois/Air       0%         N/A       87%         2
 Wereblood                Tmut           0%         N/A       87%         2
 Mephitic Cloud           Conj/Pois/Air  0%         N/A       98%         3
 Summon Ice Beast         Ice/Summ       0%         N/A       100%        4
 Freezing Cloud           Conj/Ice/Air   0%         6-21      100%        5
 Irradiate                Conj/Tmut      0%         3d11      100%        5
 Summon Mana Viper        Hex/Summ       0%         N/A       100%        5
 Monstrous Menagerie      Summ           0%         N/A       100%        7


Dungeon Overview and Level Annotations

Branches:
Dungeon (4/15)
 Temple: D:4-7

Altars:

Shops:
D:3 [


Innate Abilities, Weirdness & Mutations

You are too large for most types of armour.
You have claws for hands.
Your natural rate of healing is unusually fast.
You are covered in fur. (AC +1)
You have tough skin. (AC +1)


Message History

Found a stone staircase leading up.
You block the wyvern's attack.
You sock the wyvern!
The wyvern is moderately wounded.
The wyvern bites you! The wyvern bites you.
You closely miss the wyvern.
The wyvern is moderately wounded.
The wyvern barely misses you. x2
You barely miss the wyvern.
The wyvern is moderately wounded.
The wyvern bites you! You block the wyvern's attack.
You barely miss the wyvern.
The wyvern is moderately wounded.
The wyvern bites you. The wyvern completely misses you.
You closely miss the wyvern.
The wyvern is moderately wounded.
The wyvern closely misses you. You block the wyvern's attack.
You hit the wyvern.
The wyvern is heavily wounded.
You block the wyvern's attack. The wyvern bites you!
You feel yourself speed up. The wyvern bites you!
* * * LOW HITPOINT WARNING * * *
The wyvern attacks as you move away! You block the wyvern's attack.
The wyvern barely misses you.
You feel better. The wyvern barely misses you.
You closely miss the wyvern.
The wyvern is moderately wounded.
You block the wyvern's attack.
You closely miss the wyvern.
The wyvern is moderately wounded.
The wyvern bites you!
* * * LOW HITPOINT WARNING * * *
You block the wyvern's attack.
You closely miss the wyvern.
The wyvern is moderately wounded.
The wyvern bites you!
* * * LOW HITPOINT WARNING * * *
You hit the wyvern but do no damage.
The wyvern is moderately wounded.
The wyvern bites you!
You die...

##......##............#######....
#....#..#..............# ##...
#....##..............#.# #...#
#.....###.#......###.#.#####.###
###.#...#.......................
#.###......#....####.........#
#...#####...#.#...##..........
###.# ##....†.###...........[.
#.##...##..@# ###..........
##.##.## ##.l## #..........
###.....# ##..# #.....>....
#....#### ##..# #..........
###.##.# #...#####..........
#...##.# #...................
..####.# #.......#............
.## #.# #....$............... .#
#.## #....................


You could see a wyvern.

Vanquished Creatures
  An ogre (D:4)
  A jelly (D:4)
  2 hounds (D:4)
  An orc priest (D:3)
  Jessica (D:3)
  An iguana (D:4)
  A gnoll (D:1)
  4 adders
  A worm (D:4)
  A dart slug (D:4)
  5 orcs
  8 ball pythons
  6 endoplasms
  7 giant cockroaches
  7 hobgoblins
  4 jackals (D:1)
  10 kobolds
  4 quokkas
  9 bats
  3 frilled lizards
  4 goblins
  3 rats
84 creatures vanquished.

Notes
Turn   | Place    | Note
-------+----------+-------------------------------------------
     0 | D:1      | Dorkslayer the Troll Fighter began the quest for the Orb.
     0 | D:1      | Reached XP level 1. HP: 22/22 MP: 0/0
   289 | D:1      | Found a faded altar of an unknown god.
   345 | D:1      | Reached XP level 2. HP: 29/29 MP: 1/1
   516 | D:1      | Reached XP level 3. HP: 23/36 MP: 2/2
   984 | D:2      | Reached XP level 4. HP: 44/44 MP: 3/3
  1545 | D:3      | Found Hoimunah's Armour Shoppe.
  1689 | D:3      | Reached XP level 5. HP: 48/53 MP: 4/4
  1940 | D:3      | Noticed Jessica
  1952 | D:3      | Killed Jessica
  2054 | D:4      | Reached skill level 1 in Throwing
  2084 | D:4      | Reached XP level 6. HP: 60/61 MP: 5/5
  2365 | D:4      | Noticed a wyvern
  2384 | D:4      | Slain by a wyvern

Illustrated notes

Levels and vault maps discovered:
D:1:      ncdulo_wetmaze, layout_loops_corners, ebering_ecumenical_altar_webs,
          minmay_three_crescents
D:2:      layout_loops_ring
D:3:      layout_rooms, serial_shops, nicolae_shop_pleasant_corner_grove,
          st_stairs_14, uniq_jessica
D:4:      layout_rooms

Skill      XL: |  1  2  3  4  5 |
---------------+----------------+-----
Maces & Flails | 2 3 |  3.9
Shields        | 3 |  3.7
Fighting       | 3 |  3.4
Dodging        | 3 |  3.3
Throwing       | 1 |  1.5
Stealth        | |  0.2

Action                     |  1- 3 |  4- 6 || total
---------------------------+-------+-------++-------
  Melee: Flail             |   128 |   144 ||   272
    Use: Scroll            |       |     8 ||     8
         Potion            |       |     2 ||     2
   Stab: Sleeping          |     2 |     2 ||     4
 Armour: Robe              |    53 |    46 ||    99
  Dodge: Dodged            |    70 |    78 ||   148
  Block: Kite shield       |    84 |   100 ||   184

Table legend: (Time is in decaauts)
 A = Elapsed time spent in this place.
 B = Non-inter-level travel time spent in this place.
 C = Inter-level travel time spent in this place.
 D = Time resting spent in this place.
 E = Time spent auto-exploring this place.
 F = Levels seen in this place.
 G = Mean time per level.
                   A        B        C        D        E       F      G
               +--------+--------+--------+--------+--------+-----+--------+
         Total |   2484 |   2484 |      0 |      7 |    671 |   4 |  621.0 |
       Dungeon |   2484 |   2484 |      0 |      7 |    671 |   4 |  621.0 |
               +--------+--------+--------+--------+--------+-----+--------+

Top non-repeatable levels by time:
     D:1: 942 daAuts
     D:2: 635 daAuts
     D:3: 518 daAuts
     D:4: 388 daAuts
